 Dungeon Crawl Stone Soup version 0.19.0 (webtiles) character file.

71 Quirk the Skirmisher (level 4, -1/60 HPs)
             Began as a Minotaur Fighter on Nov 2, 2016.
             Slain by Sigmund
             ... wielding a +0 scythe
              (3 damage)
             ... on level 2 of the Dungeon.
             The game lasted 00:02:17 (1053 turns).

Quirk the Skirmisher (Minotaur Fighter)             Turns: 1053, Time: 00:02:18

Health: -1/60      AC:  9    Str: 25    XL:     4   Next: 5%
Magic:  3/3        EV: 14    Int:  5    God:
Gold:   44         SH: 10    Dex: 11    Spells: 0 memorised, 3 levels left

rFire  . . .     SeeInvis .     a - +0 war axe
rCold  . . .     Gourm    .     b - +0 scale mail
rNeg   . . .     Faith    .     c - +0 shield
rPois  .         Spirit   .     (helmet restricted)
rElec  .         Reflect  .     (no cloak)
rCorr  .         Harm     .     (no gloves)
MR     .....                    (no boots)
Stlth  ..........               m - amulet of inaccuracy (curse)
                                l - +6 ring of evasion
                                o - ring of flight

@: mighty, berserking, very quick
A: retaliatory headbutt, horns 2, icy blue scales 1, deterioration 1
a: Evoke Flight


You were on level 2 of the Dungeon.
You were not hungry.

You visited 1 branch of the dungeon, and saw 2 of its levels.

You collected 44 gold pieces.

Inventory:

Hand Weapons
 a - a +0 war axe (weapon)
Missiles
 j - 7 tomahawks of returning (quivered)
 n - a throwing net
Armour
 b - a +0 scale mail (worn)
 c - a +0 shield (worn)
Magical Staves
 p - an uncursed staff of death
Jewellery
 l - a +6 ring of evasion (right hand)
 m - a cursed amulet of inaccuracy (around neck)
 o - a ring of flight (left hand)
Potions
 e - a potion of mutation
Comestibles
 f - a bread ration
 g - a slice of pizza
 h - 2 beef jerkies
 k - a royal jelly
 q - 3 fruits
 s - a meat ration


   Skills:
 + Level 4.3 Fighting
 + Level 3.2 Axes
 + Level 4.2 Armour
 + Level 1.3 Dodging
 + Level 4.1 Shields


You had 3 spell levels left.
You didn't know any spells.

Dungeon Overview and Level Annotations

Branches:
Dungeon (2/15)

Altars:

Annotations:
D:2 Sigmund


Innate Abilities, Weirdness & Mutations

You reflexively headbutt those who attack you in melee.
You have a pair of horns on your head.
You are partially covered in icy blue scales. (AC +2)
Your body sometimes deteriorates upon taking damage.


Message History

You hear some strange, mumbled words.
Something tries to affect you, but you resist.
You completely miss something. Something hits you but does no damage.
You miss something. You headbutt something! Something hits you.
* * * LOW HITPOINT WARNING * * *
You completely miss something.
You hear some strange, mumbled words.
A magic dart appears from out of thin air!
The magic dart hits you!
* * * LOW HITPOINT WARNING * * *
It was a potion of mutation.
You feel extremely strange.
Icy blue scales grow over part of your body.
You feel yourself wasting away. Something hits you but does no damage.
It was a potion of berserk rage.
A red film seems to cover your vision as you go berserk!
You feel yourself moving faster!
You feel mighty!
You miss something. Something hits you but does no damage.
You completely miss something. Something hits you.
You die...

*** *,*** #.# #.# ,,*
**,** #.# #.#
*,******,,,** #.#
#.####### ,,,,,,,,,,<>*
#.# #........
*,******,,,,* #.#
######### *,* **,*,* #.#
*,* *,#,* *,# ##### *,*
*,#.######.#####...# *,*
*,#.....@{.........######
*,*
*,####.#########.........
*,* *,*
#.#######.#<#######. *,*
*,####......#.#..# ##.
,,* #............###.#
#.. ***
###########.#.#..# #.#
#.##.#.######.#
#...........#.#
#..#.#.####.#.#


There were no monsters in sight!

Vanquished Creatures
  Jessica (D:2)
  An adder (D:2)
  2 dart slugs (D:1)
  3 giant cockroaches
  2 goblins (D:1)
  2 hobgoblins (D:1)
  3 jackals (D:2)
  4 kobolds
  A ball python (D:1)
  4 bats
  2 frilled lizards
  9 rats
34 creatures vanquished.

Notes
Turn   | Place    | Note
-------+----------+-------------------------------------------
     0 | D:1      | Quirk the Minotaur Fighter began the quest for the Orb.
     0 | D:1      | Reached XP level 1. HP: 19/19 MP: 0/0
   260 | D:1      | Reached XP level 2. HP: 25/27 MP: 1/1
   737 | D:2      | Noticed Jessica
   743 | D:2      | Killed Jessica
   743 | D:2      | Reached skill level 1 in Dodging
   743 | D:2      | Reached XP level 3. HP: 33/33 MP: 2/2
   970 | D:2      | Reached XP level 4. HP: 40/40 MP: 3/3
  1031 | D:2      | Noticed Sigmund
  1049 | D:2      | HP: 1/40 [something/magic dart (5)]
  1050 | D:2      | Gained mutation: You are partially covered in icy blue scales. (AC +2) [potion of mutation]
  1050 | D:2      | Gained mutation: Your body sometimes deteriorates upon taking damage. [potion of mutation]
  1053 | D:2      | Slain by Sigmund

Skill      XL: |  1  2  3 |
---------------+----------+-----
Armour         | 4 |  4.2
Fighting       | 4 |  4.3
Axes           | 3 |  3.2
Dodging        | 1 |  1.3
Shields        | 4 |  4.1

Action                   |  1- 3 |  4- 6 || total
-------------------------+-------+-------++-------
Melee: War axe           |    72 |    23 ||    95
       Headbutt          |    14 |     1 ||    15
  Use: Scroll            |     4 |       ||     4
       Potion            |       |     3 ||     3
  Eat: Chunk             |       |     1 ||     1
Armor: Scale mail        |    31 |     5 ||    36
Dodge: Dodged            |    40 |     9 ||    49
Block: Shield            |    44 |     6 ||    50
